 Seeded DCSS version 0.30-a0-23-ge60ba3568b (webtiles) character file.

Game seed: 13446783111955669000 (custom seed)

33837 SensoryNuts the Severer (level 13, 0/117 HPs)
             Began as a Minotaur Fighter on Aug 24, 2022.
             Succumbed to their own poison gas
             ... on level 5 of the Lair of Beasts.
             The game lasted 00:22:37 (22741 turns).

SensoryNuts the Severer (Minotaur Fighter)         Turns: 22741, Time: 00:22:38

Health: 0/117      AC: 23    Str: 21    XL:     13   Next: 38%
Magic:  12/12      EV:  5    Int:  9    God:
Gold:   1901       SH: 18    Dex: 19    Spells: 12/12 levels left

rFire   + . .      SeeInvis +    a - +4 war axe
rCold   + . .      Faith    .    i - +0 tower shield
rNeg    . . .      Spirit   .    q - +5 plate armour
rPois   +          Reflect  .    (helmet restricted)
rElec   +          Harm     .    E - +0 cloak
rCorr   +          Rampage  .    (no gloves)
Will    .....                    t - +0 pair of boots
Stlth   ..........               B - amulet of the acrobat
HPRegen 0.29/turn                j - +6 ring of dexterity
MPRegen 0.13/turn                A - ring of see invisible

@: lethally poisoned (0 -> -10), silenced, resistant, invisible
A: horns 2, retaliatory headbutt, clever 1
a: no special abilities


You were on level 5 of the Lair of Beasts.
You visited 3 branches of the dungeon, and saw 18 of its levels.

You collected 1901 gold pieces.

Inventory:

Hand Weapons
 a - a +4 war axe (weapon)
Armour
 i - a +0 tower shield (worn)
 q - a +5 plate armour (worn)
 t - a +0 pair of boots (worn)
 E - a +0 cloak (worn)
Jewellery
 j - a +6 ring of dexterity (left hand)
 x - a ring of ice
 A - a ring of see invisible (right hand)
 B - an amulet of the acrobat (around neck)
 D - a ring of fire
 J - a ring of flight
Wands
 b - a wand of mindburst (15)
 m - a wand of paralysis (18)
 n - a wand of iceblast (21)
 u - a wand of flame (19) (quivered)
Scrolls
 d - a scroll of identify
 e - a scroll of poison
 k - a scroll of silence
 l - 5 scrolls of amnesia
 p - 3 scrolls of teleportation
 r - 4 scrolls of torment
 y - a scroll of blinking
 z - 2 scrolls of vulnerability
 F - a scroll of magic mapping
 I - a scroll of butterflies
Potions
 f - 4 potions of brilliance
 h - 3 potions of degeneration
 s - a potion of magic
 w - a potion of invisibility
 C - 2 potions of mutation
Miscellaneous
 g - a phial of floods


   Skills:
 + Level 11.8 Fighting
 * Level 19.1 Axes
 + Level 12.8 Armour
 + Level 1.3 Dodging
 + Level 2.0 Stealth
 + Level 10.6 Shields
 + Level 1.6 Evocations


You had 12 spell levels left.
You didn't know any spells.
Your spell library contained the following spells:

 Spells                   Type           Power      Damage    Failure   Level
 Beastly Appendage        Tmut           0%         N/A       100%        1
 Magic Dart               Conj           0%         1d3       100%        1
 Blink                    Tloc           0%         N/A       100%        2
 Call Imp                 Summ           0%         N/A       100%        2
 Searing Ray              Conj           0%         2d4       100%        2
 Wereblood                Tmut           0%         N/A       100%        2
 Inner Flame              Hex/Fire       0%         N/A       100%        3
 Lesser Beckoning         Tloc           0%         N/A       100%        3
 Mephitic Cloud           Conj/Pois/Air  0%         N/A       100%        3
 Portal Projectile        Hex/Tloc       0%         N/A       100%        3
 Spider Form              Tmut/Pois      0%         N/A       100%        3
 Tukima's Dance           Hex            0%         N/A       100%        3
 Animate Dead             Necr           0%         N/A       100%        4
 Cause Fear               Hex            0%         N/A       100%        4
 Corpse Rot               Necr/Pois/Air  0%         N/A       100%        4
 Fulminant Prism          Conj/Hex       0%         3d6       100%        4
 Hailstorm                Conj/Ice       0%         3d3       100%        4
 Ice Form                 Ice/Tmut       0%         N/A       100%        4
 Blade Hands              Tmut           0%         N/A       100%        5
 Borgnjor's Vile Clutch   Necr/Erth      0%         N/A       100%        5
 Manifold Assault         Tloc           0%         N/A       100%        5
 Simulacrum               Ice/Necr       0%         N/A       100%        6
 Haunt                    Necr/Summ      0%         N/A       100%        7
 Storm Form               Tmut/Air       0%         N/A       100%        7
 Discord                  Hex            0%         N/A       100%        8
 Infestation              Necr           0%         N/A       100%        8
 Necromutation            Tmut/Necr      0%         N/A       100%        8


Dungeon Overview and Level Annotations

Branches:
Dungeon (12/15)            Temple (1/1) D:5            Lair (5/5) D:8
 Shoals (0/4) Lair:2       Spider (0/4) Lair:3          Orc (0/2) D:11
  Slime: Lair:4-5

Altars:
Ashenzari
Cheibriados
Dithmenos
Elyvilon
Fedhas
Gozag
Hepliaklqana
Kikubaaqudgha
Makhleb
Nemelex Xobeh
Okawaru
Qazlal
Ru
Sif Muna
Trog
Uskayaw
Vehumet
Wu Jian
Xom
Yredelemnul
Zin
The Shining One

Shops:
D:1 :   D:10 *

Portals:
Abyss: Lair:2

Annotations:
D:12 Urug
Lair:2 2 transporters, relicbr's ghost, journeyman DEFE


Innate Abilities, Weirdness & Mutations

You have a pair of horns on your head.
You reflexively headbutt those who attack you in melee.
Your mind is acute. (Int +4, Str/Dex -1)


Message History

As you read the scroll of silence, it crumbles to dust.
A profound silence engulfs you.
An eight-headed hydra is nearby!
An eight-headed hydra is nearby!
An eight-headed hydra is nearby!
An eight-headed hydra is nearby!
Really walk into that cloud of poison gas?
Okay, then.
Magic scrolls do not work when you're silenced!
You swing at nothing.
The eight-headed hydra seems to regain its courage.
You swing at nothing.
You swing at nothing.
You swing at nothing.
You swing at nothing.
You swing at nothing.
Magic scrolls do not work when you're silenced!
You fade into invisibility!
You block the eight-headed hydra's attack. x3
The eight-headed hydra bites you but does no damage.
The eight-headed hydra bites you.
* * * LOW HITPOINT WARNING * * *
The eight-headed hydra barely misses you.
The eight-headed hydra bites you but does no damage.
The eight-headed hydra barely misses you.
Okay, then.
Really walk into that cloud of poison gas?
You are engulfed in poison gas.
You are lethally poisoned!
* * * LOW HITPOINT WARNING * * *
x2 You feel very sick.
Unknown command.
Magic scrolls do not work when you're silenced!
Magic scrolls do not work when you're silenced!
* * * LOW HITPOINT WARNING * * *
You feel very sick.
Unknown command.
Magic scrolls do not work when you're silenced!
You feel protected.
You die...

P..P. .... . ... .°.
....##†##.# #. ##...~
#.†..#.# #.. ....#
....#.##..# #..##...##
. .) ##.# #......~~~
## ##..# #...P..~~ #
#°°D# #..P...~#~
..###@###+###.##....#.
..#.............<~~~
#.##.###.#..#..†~~~
..#...## #.......~##
#.#####..####......~~#
#.
#....#.#..#.......~~
#.
##[##..#.##.......~~ .
##.........#....~##
#.#######.#.#..~~.


You could see an eight-headed hydra (unable to see you).

Vanquished Creatures
  2 hydras
  A boulder beetle (D:11)
  2 two-headed ogres
  Erica (D:8)
  2 sea snakes (Lair:4)
  A manticore (Lair:5)
  4 black mambas
  12 elephants
  Maurice (D:8)
  A gargoyle (D:11)
  An unseen horror (D:11)
  6 cane toads
  A rime drake (Lair:5)
  4 komodo dragons
  2 hornets
  5 dream sheep (Lair:3)
  2 trolls
  Prince Ribbit (D:5)
  15 blink frogs
  Sigmund (D:5)
  3 shadows
  4 wyverns
  2 wraiths (D:10)
  45 yaks
  A fire bat (shapeshifter) (D:10)
  A basilisk (Lair:4)
  2 steam dragons
  7 water moccasins
  An acid dragon (D:8)
  2 ice beasts
  A sky beast (D:6)
  2 black bears
  4 orc warriors
  4 ogres
  3 wolves (Lair:5)
  3 centaurs
  2 phantoms (D:11)
  3 kobold brigands
  6 bullfrogs
  8 scorpions
  13 wights
  A troll zombie (D:11)
  9 killer bees
  4 howler monkeys
  2 electric eels
  2 hounds
  4 jellies
  2 orc priests
  3 gnoll boudas
  5 iguanas
  13 orc wizards
  2 hell rats (Lair:4)
  7 ogre zombies (D:11)
  12 gnolls
  8 adders
  10 river rats (Lair:4)
  3 white imps
  An ufetubus (D:5)
  6 worms
  3 dart slugs
  36 orcs
  A bat (D:2)
  4 endoplasms
  3 giant cockroaches
  5 goblins
  2 hobgoblins (D:1)
  5 quokkas
  7 ball pythons
  2 frilled lizards
  2 goblin zombies (D:11)
  A hobgoblin skeleton (D:11)
  4 hobgoblin zombies (D:11)
  15 kobolds
  An orc skeleton (D:11)
  17 orc zombies (D:11)
  4 rats
388 creatures vanquished.

Vanquished Creatures (others)
  24 fungi
  45 plants
69 creatures vanquished.

Grand Total: 457 creatures vanquished

Notes
Turn   | Place    | Note
-------+----------+-------------------------------------------
     0 | D:1      | SensoryNuts the Minotaur Fighter began the quest for the
                  | Orb.
     0 | D:1      | Reached XP level 1. HP: 19/19 MP: 0/0
   493 | D:1      | Reached XP level 2. HP: 27/27 MP: 1/1
   760 | D:1      | Found Ecleo's Book Shop.
   951 | D:1      | You fall into a shaft and drop 1 floor!
   974 | D:2      | Reached skill level 3 in Axes
  1002 | D:2      | Reached XP level 3. HP: 33/33 MP: 2/2
  1387 | D:2      | Reached XP level 4. HP: 6/40 MP: 3/3
  2230 | D:3      | Reached skill level 4 in Axes
  2251 | D:3      | Found a faded altar of an unknown god.
  2381 | D:3      | Got the Omnibus of the Hyperbolic Mausoleum
  2409 | D:3      | Reached XP level 5. HP: 18/46 MP: 4/4
  3384 | D:4      | Reached skill level 5 in Axes
  3388 | D:4      | HP: 1/47 [gnoll/+0 vorpal halberd[a gnoll bouda] (3)]
  3959 | D:4      | Reached XP level 6. HP: 51/53 MP: 5/5
  4158 | D:5      | Entered Level 5 of the Dungeon
  4174 | D:5      | Reached skill level 6 in Axes
  4208 | D:5      | Reached skill level 5 in Armour
  4617 | D:5      | Noticed Sigmund
  4625 | D:5      | Killed Sigmund
  4626 | D:5      | Reached skill level 7 in Axes
  4626 | D:5      | Reached skill level 1 in Stealth
  4626 | D:5      | Reached XP level 7. HP: 56/60 MP: 6/6
  4638 | D:5      | Noticed Prince Ribbit
  4648 | D:5      | Reached skill level 5 in Fighting
  4648 | D:5      | Reached skill level 8 in Axes
  4654 | D:5      | Killed Prince Ribbit
  4655 | D:5      | Reached skill level 9 in Axes
  4655 | D:5      | Reached XP level 8. HP: 21/68 MP: 7/7
  5225 | D:5      | Reached skill level 10 in Axes
  5457 | D:5      | Found a hazy altar of Hepliaklqana.
  5569 | D:5      | Found a staircase to the Ecumenical Temple.
  5579 | Temple   | Entered the Ecumenical Temple
  6366 | D:5      | Identified a scroll of acquirement
  6366 | D:5      | Acquired 901 gold pieces
  6883 | D:6      | Reached skill level 11 in Axes
  6889 | D:6      | Reached skill level 5 in Shields
  7104 | D:6      | Found an ornate altar of the Wu Jian Council.
  7283 | D:7      | Found a snail-covered altar of Cheibriados.
  7437 | D:7      | Reached XP level 9. HP: 68/75 MP: 8/8
  7463 | D:7      | Reached skill level 12 in Axes
  8828 | D:8      | Found a staircase to the Lair.
  8837 | D:8      | Reached skill level 13 in Axes
  8849 | D:8      | Noticed Maurice
  8854 | D:8      | Reached XP level 10. HP: 55/86 MP: 9/9
  8867 | D:8      | Killed Maurice
  8868 | D:8      | Reached skill level 14 in Axes
  9383 | D:8      | Noticed Erica
  9401 | D:8      | Killed Erica
  9708 | D:8      | Reached skill level 1 in Dodging
 10676 | D:9      | Found a hide-covered altar of Uskayaw.
 10684 | D:9      | Identified the +6 long sword "Arcanum" {pain, Dex+2}
 10705 | D:9      | Found an iron altar of Okawaru.
 10746 | D:9      | Reached skill level 15 in Axes
 11123 | D:9      | Found an opulent altar of Gozag.
 11449 | D:9      | Found a shimmering blue altar of Sif Muna.
 11741 | D:10     | Entered Level 10 of the Dungeon
 11758 | D:10     | Found an ancient bone altar of Kikubaaqudgha.
 11758 | D:10     | Found a sacrificial altar of Ru.
 11885 | D:10     | Found a white marble altar of Elyvilon.
 11926 | D:10     | Identified the +6 mace "Recorod" {freeze, rPois}
 11945 | D:10     | Reached XP level 11. HP: 93/94 MP: 10/10
 12039 | D:10     | Found Ciroteupt's Assorted Antiques.
 12071 | D:10     | Paralysed by a hornet for 2 turns
 12086 | D:10     | Reached skill level 16 in Axes
 12417 | D:10     | Found a shimmering altar of Xom.
 12564 | D:10     | Noticed a two-headed ogre
 12788 | D:10     | Reached skill level 10 in Armour
 12995 | D:10     | Found a basalt altar of Yredelemnul.
 13815 | D:11     | Noticed a boulder beetle
 13832 | D:11     | Killed a boulder beetle
 14304 | D:11     | Found a staircase to the Orcish Mines.
 14345 | D:11     | Noticed a four-headed hydra
 14788 | D:11     | Noticed a two-headed ogre
 14808 | D:11     | Killed a two-headed ogre
 14809 | D:11     | Reached skill level 17 in Axes
 16149 | D:12     | Noticed Urug
 16256 | D:10     | Killed a two-headed ogre
 16257 | D:10     | Reached skill level 1 in Evocations
 16574 | Lair:1   | Entered Level 1 of the Lair of Beasts
 16585 | Lair:1   | Reached XP level 12. HP: 106/106 MP: 11/11
 16799 | Lair:1   | Reached skill level 10 in Fighting
 17107 | Lair:1   | Noticed an eight-headed hydra
 17116 | Lair:1   | Killed an eight-headed hydra
 17314 | Lair:1   | Reached skill level 18 in Axes
 17650 | Lair:1   | Identified the +9 quarterstaff of Iprurich {elec, rPois
                  | Int+3 Stlth-}
 19057 | Lair:2   | Found a staircase to the Shoals.
 19482 | Lair:2   | Found a transporter.
 19482 | Lair:2   | Found a one-way gate to the infinite horrors of the Abyss.
 19572 | Lair:2   | Noticed relicbr's ghost (journeyman DEFE)
 19629 | Lair:2   | Found a transporter.
 19887 | Lair:2   | Gained mutation: Your mind is acute. (Int +4, Str/Dex -1)
                  | [potion of mutation]
 20374 | Lair:3   | Found a hole to the Spider Nest.
 20566 | Lair:3   | Reached skill level 10 in Shields
 20566 | Lair:3   | Reached XP level 13. HP: 110/116 MP: 12/12
 22199 | Lair:5   | Entered Level 5 of the Lair of Beasts
 22218 | Lair:4   | Reached skill level 19 in Axes
 22740 | Lair:5   | HP: 3/117 [poisoned by you (poison gas)]
 22741 | Lair:5   | Succumbed to their own poison gas

Illustrated notes

Levels and vault maps discovered:
D:1:      mrwooster_arrival_arrow, layout_loops_corners, serial_shops, shop,
          serial_forest, infiniplex_forest_clump_long,
          infiniplex_forest_lined_1, infiniplex_forest_clump_double,
          infiniplex_forest_lined_room_3, infiniplex_forest_zigzag_1,
          infiniplex_forest_lined_3_way
D:2:      layout_loops_ring, minmay_box_of_dots
D:3:      layout_basic, dreamdust_ecumenical_altar_grove
D:4:      layout_rooms, serial_curves, eino_curves_04, eino_curves_04,
          nicolae_grassy_gnolls
D:5:      layout_basic, mainiacjoe_overflow_alcove_4, temple_hall,
          minmay_divided_ellipse, uniq_sigmund, uniq_prince_ribbit1
D:6:      layout_cave_pools, kennysheep_mini, minmay_misc_feat_hallway
D:7:      layout_loops_corners, lemuel_doored_altar, minmay_misc_feat_room,
          nrook_uturn
D:8:      layout_loops_ring, due_lair_maze_entry_diamond, uniq_maurice,
          uniq_erica
D:9:      layout_long_grid, okawaru_metal_pillars_1_2, tgw_sif,
          eat_drink_and_be_merry_uskayaw, grunt_gozag_breadcrumbs, serial_glass,
          glass_columns_a, glass_columns_b, glass_columns_c, glass_columns_a,
          glass_columns_a, feat_on_display, minmay_strange_pillars,
          minmay_strange_pillars, minivault_25_ag, grunt_ministairs_4,
          serial_bayou_pond_e
D:10:     layout_long_grid, kennysheep_ying_yang,
          gammafunk_temple_overflow_elements, xom_confusion_cloud, serial_shops,
          nicolae_shop_waterfront
D:11:     layout_long_grid, zombieorc2_lemuel, grunt_decor_mini_mirrors,
          minmay_misc_feat_diagonals
D:12:     layout_rooms, hangedman_decor_clover_reticule, uniq_urug, uniq_nessos
Temple:   zaba_magenta_temple
Lair:1:   layout_cave_pods, wad_woods_road_05, grunt_megastairs_3,
          infiniplex_staircase_pool
Lair:2:   layout_roguey, shoals_dummy_entry, gammafunk_ghost_abyssal_escape
Lair:3:   layout_cave_pods, nicolae_spider_entry_non_spiders
Lair:4:   layout_misc_corridors, minivault_26, kennysheep_rathole,
          serial_bayou_shore_a, grunt_megastairs_2, infiniplex_staircase_pool_2
Lair:5:   gammafunk_lair_ancient_temple, layout_regular_city,
          minmay_slime_entry_oklob_open, minmay_shattered_shrine

Skill      XL: |  1  2  3  4  5  6  7  8  9 10 11 12 13 |
---------------+----------------------------------------+-----
Axes           | 3 4 5 7 9 11 13 15 17 18 19 | 19.1
Armour         | 4 5 6 8 9 11 12 | 12.8
Shields        | 4 5 7 10 | 10.6
Fighting       | 4 5 6 7 8 9 11 | 11.8
Stealth        | 1 2 |  2.0
Dodging        | 1 |  1.3
Evocations     | 1 |  1.6

Action                   |  1- 3 |  4- 6 |  7- 9 | 10-12 | 13-15 || total
-------------------------+-------+-------+-------+-------+-------++-------
Melee: War axe           |    42 |   134 |   156 |   627 |   146 ||  1105
       Headbutt          |     5 |    22 |    29 |   143 |    39 ||   238
Evoke: Wand              |       |       |       |     8 |    16 ||    24
       Phial of floods   |       |       |       |     1 |       ||     1
  Use: Scroll            |     5 |     8 |     4 |    15 |     6 ||    38
       Potion            |     5 |     3 |     7 |     7 |     5 ||    27
 Stab: Fleeing           |       |     2 |       |       |       ||     2
       Invisible         |       |       |       |     4 |       ||     4
Armor: Scale mail        |    12 |    11 |       |       |       ||    23
       Plate armour      |       |    91 |    98 |   333 |   167 ||   689
       Skin              |       |       |       |     2 |       ||     2
Dodge: Dodged            |    37 |    47 |    46 |   120 |    33 ||   283
Block: Buckler           |    10 |    38 |    42 |    87 |       ||   177
       Tower shield      |       |       |       |   195 |   195 ||   390

Table legend: (Time is in decaauts)
 A = Elapsed time spent in this place.
 B = Non-inter-level travel time spent in this place.
 C = Inter-level travel time spent in this place.
 D = Time resting spent in this place.
 E = Time spent auto-exploring this place.
 F = Levels seen in this place.
 G = Mean time per level.
                   A        B        C        D        E       F      G
               +--------+--------+--------+--------+--------+-----+--------+
         Total |  22721 |  20488 |   2233 |    486 |  17210 |  18 | 1262.3 |
       Dungeon |  16426 |  14655 |   1771 |    486 |  12109 |  12 | 1368.8 |
        Temple |    101 |     55 |     46 |      0 |     50 |   1 |  101.0 |
          Lair |   6193 |   5777 |    416 |      0 |   5050 |   5 | 1238.6 |
               +--------+--------+--------+--------+--------+-----+--------+

Top non-repeatable levels by time:
  Lair:1: 2466 daAuts
    D:11: 2330 daAuts
     D:5: 2127 daAuts
    D:10: 1891 daAuts
     D:9: 1794 daAuts
     D:8: 1784 daAuts
  Lair:4: 1454 daAuts
     D:7: 1356 daAuts
     D:3: 1194 daAuts
  Lair:3: 1099 daAuts
     D:1: 1077 daAuts
     D:2: 1044 daAuts
  Lair:2: 936 daAuts
     D:6: 908 daAuts
     D:4: 883 daAuts
